 Dungeon Crawl Stone Soup version 0.16.1-30-g34a7ffa (webtiles) character file.

240 ztt the Shield-Bearer (level 5, 0/70 HPs)
             Began as a Minotaur Fighter on June 23, 2015.
             Was an Initiate of Okawaru.
             Succumbed to a scorpion's poison
             ... on level 4 of the Dungeon.
             The game lasted 00:03:09 (2034 turns).

ztt the Shield-Bearer (Minotaur Fighter)            Turns: 2034, Time: 00:03:10

Health: 0/70       AC: 22    Str: 22    XL:     5   Next: 79%
Magic:  2/2        EV:  2    Int:  5    God:    Okawaru [......]
Gold:   88         SH: 10    Dex: 11    Spells: 0 memorised, 4 levels left

rFire  . . .     SeeInvis .     a - +1 war axe
rCold  . . .     Clarity  .     b - melded +0 scale mail
rNeg   + + +     SustAb   .     c - +0 shield
rPois  +         Gourm    .     (helmet currently unavailable)
rElec  .         Spirit   .     (cloak currently unavailable)
rCorr  .         Warding  .     (gloves currently unavailable)
rMut   .         NoTele   +     (boots currently unavailable)
MR     .....                    (no amulet)
Stlth  +.........               (no ring)
                                (no ring)

@: lethally poisoned (0 -> -4), tree-form, not resistant to hostile
enchantments, very unstealthy
A: (retaliatory headbutt), (horns 0), agile 1
a: Renounce Religion


You were on level 4 of the Dungeon.
You worshipped Okawaru.
Okawaru was noncommittal.
You were hungry.
You were a tree.
You visited 2 branches of the dungeon, and saw 5 of its levels.

You collected 88 gold pieces.

Inventory:

Hand weapons
 a - a +1 war axe (weapon)
Armour
 b - a +0 scale mail (melded)
 c - a +0 shield (worn)
Scrolls
 h - a scroll of immolation
 l - a scroll of magic mapping
 p - a scroll of teleportation
Potions
 e - a potion of might
 f - a potion of brilliance
 g - a potion of restore abilities
 i - a potion of resistance
Comestibles
 d - 3 bread rations
 k - 3 meat rations


   Skills:
 + Level 4.7 Fighting
 + Level 3.4 Axes
 + Level 5.0 Armour
 + Level 2.2 Dodging
 + Level 0.1 Stealth
 + Level 5.1 Shields


You had 4 spell levels left.
You didn't know any spells.

Dungeon Overview and Level Annotations

Branches:
Dungeon (4/15)             Temple (1/1) D:4

Altars:
Ashenzari
Cheibriados
Dithmenos
Elyvilon
Fedhas
Gozag
Kikubaaqudgha
Nemelex Xobeh
Okawaru
Qazlal
Ru
Sif Muna
Trog
Vehumet
Xom
Yredelemnul
Zin
The Shining One


Innate Abilities, Weirdness & Mutations

((You reflexively headbutt those who attack you in melee.))
((You have a pair of horns on your head.))
You are agile. (Dex +2)


Message History

You feel sick.
* * * LOW HITPOINT WARNING * * *
You feel sick.
* * * LOW HITPOINT WARNING * * *
You feel sick.
* * * LOW HITPOINT WARNING * * *
You feel sick.
* * * LOW HITPOINT WARNING * * *
You feel sick.
* * * LOW HITPOINT WARNING * * *
You feel sick.
* * * LOW HITPOINT WARNING * * *
You feel sick.
* * * LOW HITPOINT WARNING * * *
You feel sick.
* * * LOW HITPOINT WARNING * * *
You feel sick.
* * * LOW HITPOINT WARNING * * *
You feel sick.
You die...

................#.*,*,*,*,*
,..........#....#.#,*,*,*,*
*+#........#.##.#.#,*,*,*,*
*,*,,......#..#.#.#,*,*,*,*
*+*,,,.....##.#.#.#,*,*,*,*
,,,,,,*+##......#.#,*,*,*,*
,,,,,,#....#....#.#,,,*,*,*
,,,,,,*.,,,#.#..#'####*,*,*
,,,,,,*,,,,#..#.♣....#*,*,*
,,,,,,*,,,,#..#......#*,*,*
,,,,,,*,**,##.#......#*,*,*
,,,,,,*,**,,........##*,*,*
,,,,,,*,,,,,..#..>..#**,*,*
,,,,,,,,,,,,........#,,,*,*
,,,,,,,,,,>..,[.....#,***,*
,,,,,,,,,,,,........#,* *,*
,,,,,,,,,,,,,,,.#+***,*
*,*******


There were no monsters in sight!

Vanquished Creatures
  A scorpion (D:4)
  A worker ant (D:3)
  The ghost of Turgon the Sneak, a weakling OpAE (D:3)
  8 gnolls (D:3)
  3 adders
  A worm (D:2)
  An ooze (D:2)
  2 giant geckos (D:2)
  3 giant cockroaches
  3 goblins
  6 hobgoblins
  A ball python (D:2)
  A bat (D:1)
  4 giant newts
  6 jackals
  4 kobolds
  A rat (D:2)
47 creatures vanquished.

Notes
Turn   | Place    | Note
--------------------------------------------------------------
     0 | D:1      | ztt, the Minotaur Fighter, began the quest for the Orb.
     0 | D:1      | Reached XP level 1. HP: 19/19 MP: 1/1
   211 | D:1      | Reached skill level 4 in Fighting
   225 | D:1      | Reached XP level 2. HP: 21/27 MP: 1/1
   880 | D:2      | Reached XP level 3. HP: 26/33 MP: 2/2
  1235 | D:3      | Reached skill level 1 in Dodging
  1235 | D:3      | Reached XP level 4. HP: 37/40 MP: 2/2
  1427 | D:3      | Reached XP level 5. HP: 34/47 MP: 2/2
  1471 | D:3      | Noticed Turgon's ghost (weakling OpAE)
  1479 | D:3      | Killed Turgon's ghost
  1622 | D:3      | Reached skill level 5 in Shields
  1875 | D:4      | Found a staircase to the Ecumenical Temple.
  1885 | Temple   | Entered the Ecumenical Temple
  1912 | Temple   | Became a worshipper of Warmaster Okawaru
  2010 | D:4      | Reached skill level 5 in Armour
  2012 | D:4      | Gained mutation: You are agile. (Dex +2) [potion of beneficial mutation]
  2029 | D:4      | HP: 3/70 [poisoned by a scorpion]
  2033 | D:4      | HP: 1/70 [poisoned by a scorpion]
  2034 | D:4      | Succumbed to a scorpion's poison

Action                   |  1- 3 |  4- 6 || total
-------------------------+-------+-------++-------
Melee: War axe           |   103 |    47 ||   150
  Use: Scroll            |     2 |     6 ||     8
       Potion            |       |     3 ||     3
  Eat: Chunk             |     1 |     2 ||     3
